AoeStats
← [SAPR] Janstonbeats

MegaRandom

510483122Analyzed
2v2 RM · 11h ago on Oct 1, 2026· 23m 32s· 4 players
Game mode
Random Map
Map size
Medium (4 player)
Population
200
Speed
Normal
Resources
Standard
Victory
Conquest
Starting age
Dark Age
Ending age
Imperial Age
RankedLock teamsTeams togetherTeam positionsShared explorationLock speedFull tech treeHidden civsTurbo modeCheats
Victory
Defeat
🇨🇦 Spanish · Canada
1233
+14
🇲🇽 Persians · Mexico
1189
+16
🇦🇺 Danes · Australia
1265
-19
🇫🇷 Mongols · France
1097
-11
Nhitty
11:01 Feudal Age
9:35 Loom
11:18 Loom
14:44 Castle Age
14:41 Double-Bit Axe
NTM.Barce
5:41 Loom
8:37 Feudal Age
9:03 Double-Bit Axe
8:59 Horse Collar
15:05 Forging
16:31 Wheelbarrow
20:13 Castle Age
18:58 Gold Mining
19:21 Scale Barding Armor
19:53 Bloodlines
21:47 Chain Barding Armor
21:39 Husbandry
[SAPR] Janstonbeats
8:07 Loom
10:14 Feudal Age
11:01 Double-Bit Axe
10:59 Horse Collar
17:56 Wheelbarrow
22:58 Castle Age
23:24 Bloodlines
23:26 Gold Mining
Hemsy124
10:50 Feudal Age
11:09 Loom
15:41 Castle Age
15:44 Double-Bit Axe
15:40 Horse Collar
Connection lost

Rejoining the realm…

Still unreachable

The connection could not be restored.

Session expired

The server has moved on; the page needs a fresh start.